 Dungeon Crawl Stone Soup version 0.19.4-9-g45fd643 (webtiles) character file.

135 empire the Cudgeler (level 4, -3/33 HPs)
             Began as a Demonspawn Gladiator on Feb 17, 2017.
             Slain by a gnoll
             ... wielding a +0 spear
              (6 damage)
             ... on level 3 of the Dungeon.
             The game lasted 00:03:39 (1779 turns).

empire the Cudgeler (Demonspawn Gladiator)          Turns: 1779, Time: 00:03:39

Health: -3/33      AC:  9    Str: 15    XL:     4   Next: 97%
Magic:  4/4        EV: 12    Int: 10    God:
Gold:   86         SH:  0    Dex: 19    Spells: 0 memorised, 3 levels left

rFire  . . .     SeeInvis .     a - +0 flail
rCold  . . .     Gourm    .     l - +0 chain mail
rNeg   . . .     Faith    +     (no shield)
rPois  .         Spirit   .     (helmet restricted)
rElec  .         Reflect  .     (no cloak)
rCorr  +         Harm     .     h - +0 pair of gloves
MR     +....                    (no boots)
Stlth  ..........               k - amulet of faith
                                n - ring of protection from magic
                                i - ring of resist corrosion

@: agile
A: antennae 1, powered by pain 1
a: no special abilities


You were on level 3 of the Dungeon.
You were not hungry.

You visited 1 branch of the dungeon, and saw 3 of its levels.

You collected 86 gold pieces.

Inventory:

Hand Weapons
 a - a +0 flail (weapon)
Missiles
 d - 3 throwing nets (quivered)
Armour
 h - a +0 pair of gloves (worn)
 l - a +0 chain mail (worn)
Jewellery
 i - a ring of resist corrosion (left hand)
 k - an amulet of faith (around neck)
 n - a ring of protection from magic (right hand)
Scrolls
 b - 3 scrolls of identify {unknown}
 e - 2 scrolls of fog {unknown}
 m - a scroll of enchant weapon {unknown}
 o - 2 scrolls of blinking {unknown}
 p - a scroll of remove curse {unknown}
 q - a scroll of teleportation {unknown}
 r - a scroll of recharging {unknown}
Potions
 g - a potion of agility
Comestibles
 f - 2 bread rations
 t - a meat ration


   Skills:
 - Level 2.0 Fighting
 - Level 5.0 Maces & Flails
 - Level 1.7 Throwing
 + Level 1.0 Armour
 - Level 2.6 Dodging


You had 3 spell levels left.
You didn't know any spells.

Dungeon Overview and Level Annotations

Branches:
Dungeon (3/15)

Altars:

Annotations:
D:3 Grinder, Robin


Innate Abilities, Weirdness & Mutations

You have a pair of small antennae on your head.
You sometimes gain a little power by taking damage.


Message History

You barely miss the gnoll. The gnoll barely misses you.
You barely miss the gnoll. The gnoll hits you but does no damage.
You hit the gnoll.
The gnoll is moderately wounded.
The gnoll hits you but does no damage.
You closely miss the gnoll.
The gnoll is moderately wounded.
The gnoll hits you with a spear. x2
* * * LOW HITPOINT WARNING * * *
Your chain mail prevents you from hitting the gnoll.
The gnoll is moderately wounded.
The gnoll hits you but does no damage.
You barely miss the gnoll.
The gnoll is moderately wounded.
The gnoll hits you with a spear.
* * * LOW HITPOINT WARNING * * *
You barely miss the gnoll.
The gnoll is moderately wounded.
The gnoll hits you with a spear.
You die...

.... ....### .# .
......######.## .
.....(......... .
.. #..........#..
.
...#.............
#
.................
.
......g@......%..
.
...#.............
#....)).......
#.....(....#.. .
##..........#.. .
#......<.(..... .
...##########...
. .## .. . .


You could see a gnoll.

Vanquished Creatures
  Natasha (D:2)
  2 gnolls (D:3)
  3 adders
  4 worms (D:2)
  9 bats
  11 goblins
  7 hobgoblins
  4 jackals
  A quokka (D:2)
  3 frilled lizards
  2 kobolds
  5 rats
52 creatures vanquished.

Notes
Turn   | Place    | Note
-------+----------+-------------------------------------------
     0 | D:1      | empire the Demonspawn Gladiator began the quest for the Orb.
     0 | D:1      | Reached XP level 1. HP: 16/16 MP: 1/1
   116 | D:1      | Reached skill level 3 in Maces & Flails
   285 | D:1      | Gained mutation: You have a pair of small antennae on your head. [demonic ancestry]
   285 | D:1      | Reached XP level 2. HP: 19/22 MP: 2/2
   914 | D:2      | Reached XP level 3. HP: 27/27 MP: 3/3
  1004 | D:2      | Found a faded altar of an unknown god.
  1064 | D:2      | Reached skill level 4 in Maces & Flails
  1198 | D:2      | Noticed Natasha
  1208 | D:2      | Killed Natasha
  1208 | D:2      | Gained mutation: You sometimes gain a little power by taking damage. [demonic ancestry]
  1208 | D:2      | Reached XP level 4. HP: 24/33 MP: 4/4
  1418 | D:3      | Noticed Grinder
  1428 | D:3      | Noticed Robin
  1454 | D:2      | Reached skill level 5 in Maces & Flails
  1770 | D:3      | Reached skill level 1 in Armour
  1779 | D:3      | Slain by a gnoll

Skill      XL: |  1  2  3  4 |
---------------+-------------+-----
Maces & Flails | 3 4 5 |  5.0
Armour         | 1 |  1.0
Fighting       | |  2.0
Throwing       | |  1.7
Dodging        | |  2.6

Action                   |  1- 3 |  4- 6 || total
-------------------------+-------+-------++-------
Melee: Flail             |   127 |    81 ||   208
  Use: Potion            |       |     3 ||     3
  Eat: Chunk             |     1 |     2 ||     3
Armor: Leather armour    |    22 |       ||    22
       Chain mail        |    73 |   100 ||   173
Dodge: Dodged            |    82 |    72 ||   154
